 Dungeon Crawl Stone Soup version 0.31-a0-210-gccc998df9b (webtiles) character file.

Game seed: 10672102698826134000

28 CornPuffBuddha the Slasher (level 2, 26/26 HPs)
             Began as a Minotaur Fighter on June 30, 2023.
             Quit the game on level 1 of the Dungeon.
             The game lasted 00:02:16 (312 turns).

CornPuffBuddha the Slasher (Minotaur Fighter)        Turns: 312, Time: 00:02:16

Health: 26/26      AC:  6    Str: 20    XL:     2   Next: 96%
Magic:  1/1        EV:  9    Int:  5    God:
Gold:   40         SH:  4    Dex:  9    Spells: 1/1 levels left

rFire   . . .        a - +0 long sword
rCold   . . .        c - +0 buckler
rNeg    . . .        b - +0 scale mail
rPois   .            (helmet restricted)
rElec   .            (no cloak)
rCorr   .            (no gloves)
SInv    .            (no boots)
Will    .....        (no amulet) Stlth
                     (no ring)
HPRegen 0.24/turn    (no ring)
MPRegen 0.07/turn

%: no passive effects
@: no status effects
A: horns 2, retaliatory headbutt
a: no special abilities


You were on level 1 of the Dungeon.
You visited 1 branch of the dungeon, and saw 1 of its levels.

You collected 40 gold pieces.

Inventory:

Hand Weapons
 a - a +0 long sword (weapon)
Armour
 b - a +0 scale mail (worn)
 c - a +0 buckler (worn)
Scrolls
 f - 2 scrolls of poison {unknown}
 g - a scroll of revelation {unknown}
Potions
 d - a potion of might
 e - a potion of attraction {unknown}


   Skills:
 - Level 3.6 Fighting
 + Level 4.2 Long Blades
 - Level 3.6 Armour
 - Level 3.6 Shields


You had one spell level left.
You didn't know any spells.
Your spell library was empty.

Dungeon Overview and Level Annotations

Branches:
Dungeon (1/15)

Altars:


Innate Abilities, Weirdness & Mutations

You have a pair of horns on your head.
You reflexively headbutt those who attack you in melee.


Message History

The bat barely misses you.
You hit the dart slug. You headbutt the dart slug.
You kill the dart slug!
The bat hits you but does no damage.
Your Long Blades skill increases to level 4!
Your unstable footing causes you to fumble your attack.
The bat hits you but does no damage.
The rat splashes around in the water.
Your unstable footing causes you to fumble your attack.
The rat bites you but does no damage. The bat hits you but does no damage.
You slash the bat!
You kill the bat!
The rat closely misses you. You block the rat's attack.
You slash the rat!
You kill the rat!
No target in view!
No target in view!
You enter the shallow water.
Moving in this stuff is going to be slow.
You now have 40 gold pieces (gained 3).
A dart slug comes into view.
A dart slug is nearby!
You enter the shallow water.
Moving in this stuff is going to be slow.
You slash the dart slug! You headbutt the dart slug.
You kill the dart slug!
No target in view!
No target in view!
g - a scroll labelled EWIOME TAURAB You enter the shallow water.
Moving in this stuff is going to be slow.
A giant cockroach comes into view.
The giant cockroach bites you but does no damage.
You hit the giant cockroach.
You kill the giant cockroach!
No target in view!
No target in view!
Saving game... please wait.
Welcome back, CornPuffBuddha the Minotaur Fighter.
Press ? for a list of commands and other information.
Are you sure you want to abandon this character and quit the game? (Confirm with "yes".)

##### ..... # ##### .# ##
#.## ##. .. #... #.. #.# #..
##.. #.# # ##.# ###... #.#
#.##@# .## ...... # #.#
#....### .. .#.#.. #.#####.#
####.♣~♣♣♣~## #....
.......#######.♣~~~~~~~###
#####
####.#...†......~†~~P~~~~~♣♣
.........###.##.♣~~~~≈≈~~P~♣♣
.......#.# #.##~~P~~~≈†≈≈≈~P~
####.###.###.#♣~~~~~~~~~~~~~~
###.# #.##...~.~..~~~~~P~~~P
##


There were no monsters in sight!

Vanquished Creatures
  3 dart slugs (D:1)
  3 bats (D:1)
  A giant cockroach (D:1)
  2 goblins (D:1)
  2 hobgoblins (D:1)
  2 jackals (D:1)
  2 quokkas (D:1)
  A ball python (D:1)
  3 rats (D:1)
19 creatures vanquished.

Notes
Turn   | Place    | Note
-------+----------+-------------------------------------------
     0 | D:1      | CornPuffBuddha the Minotaur Fighter began the quest for the
                  | Orb.
     0 | D:1      | Reached XP level 1. HP: 19/19 MP: 0/0
    43 | D:1      | Reached skill level 3 in Long Blades
    73 | D:1      | Reached XP level 2. HP: 24/26 MP: 1/1
   248 | D:1      | Reached skill level 4 in Long Blades
   312 | D:1      | Quit the game

Illustrated notes

Levels and vault maps discovered:
D:1:      dpeg_arrival_orchard, layout_loops_ring, serial_bayou,
          serial_bayou_ford_a, serial_bayou_pond_d, serial_bayou_pond_d,
          serial_bayou_shore_a, chequers_serial_rivers_small_a

Skill      XL: |  1  2 |
---------------+-------+-----
Long Blades    | 3 4 |  4.2
Fighting       | |  3.6
Armour         | |  3.6
Shields        | |  3.6

Action                     || total
---------------------------++-------
  Melee: Long sword        ||    44
         Headbutt          ||    10
 Armour: Scale mail        ||    29
  Dodge: Dodged            ||    22
  Block: Buckler           ||     4

Table legend: (Time is in decaauts)
 A = Elapsed time spent in this place.
 B = Non-inter-level travel time spent in this place.
 C = Inter-level travel time spent in this place.
 D = Time resting spent in this place.
 E = Time spent auto-exploring this place.
 F = Levels seen in this place.
 G = Mean time per level.
                   A        B        C        D        E       F      G
               +--------+--------+--------+--------+--------+-----+--------+
         Total |    335 |    335 |      0 |      0 |    222 |   1 |  335.0 |
       Dungeon |    335 |    335 |      0 |      0 |    222 |   1 |  335.0 |
               +--------+--------+--------+--------+--------+-----+--------+

Top non-repeatable levels by time:
     D:1: 335 daAuts
